 Dungeon Crawl Stone Soup version 0.20.1-1-g8b1a95d (webtiles) character file.

79800 jamesptran96 the Executioner (level 15, 0/141 HPs)
             Began as a Minotaur Berserker on Aug 7, 2017.
             Was a High Priest of Trog.
             Slain by a wolf spider (10 damage)
             ... on level 1 of the Spider Nest.
             The game lasted 01:24:02 (23337 turns).

jamesptran96 the Executioner (Minotaur Berserker)  Turns: 23337, Time: 01:24:03

Health: 0/141      AC: 36    Str: 27    XL:     15   Next: 22%
Magic:  14/14      EV:  4    Int:  8    God:    Trog [*****.]
Gold:   1464       SH:  0    Dex: 13    Spells: 14/14 levels left

rFire    . . .     SeeInvis +   Y - +6 executioner's axe of Inflation {flame, Int+4}
rCold    . . .     Gourm    +   (shield currently unavailable)
rNeg     . . .     Faith    .   e - +1 crystal plate armour
rPois    +         Spirit   .   J - +1 hat
rElec    .         Reflect  .   K - +0 cloak {rPois}
rCorr    +         Harm     .   p - +0 pair of gloves
MR       +....                  R - +0 pair of boots
Stlth    ..........             A - amulet of the gourmand
Regen    0.4/turn               T - +6 ring of protection
MPRegen  0.2/turn               v - ring of resist corrosion

@: about to teleport, held
A: retaliatory headbutt, horns 2, see invisible, agile 1
a: Berserk, Trog's Hand, Brothers in Arms, Burn Spellbooks, Renounce Religion


You were on level 1 of the Spider Nest.
You worshipped Trog.
Trog was extremely pleased with you.
You were not hungry.

You visited 5 branches of the dungeon, and saw 22 of its levels.

You collected 1503 gold pieces.
You spent 39 gold pieces at shops.

Inventory:

Hand Weapons
 Y - the +6 executioner's axe of Inflation (weapon) {flame, Int+4}
   (Trog gifted it to you on level 12 of the Dungeon)

   It has been specially enchanted to burn those struck by it, causing extra
   injury to most foes and up to half again as much damage against particularly
   susceptible opponents.
   Big, fiery blades are also staple armaments of hydra-hunters.
   It affects your intelligence (+4).
Missiles
 t - 287 arrows (quivered)
Armour
 e - a +1 crystal plate armour (worn)
 p - a +0 pair of gloves (worn)
 J - a +1 hat (worn)
 K - a +0 cloak of poison resistance (worn)
 R - a +0 pair of boots (worn)
Jewellery
 v - a ring of resist corrosion (right hand)
 A - an amulet of the gourmand (around neck)
 B - an uncursed ring of poison resistance
 I - an uncursed ring of see invisible
 L - an uncursed ring of ice
 T - a +6 ring of protection (left hand)
 V - an uncursed ring of protection from fire
Wands
 d - a wand of acid (9/15)
 x - a wand of enslavement (11/24)
 z - a wand of digging (13/24)
 C - a wand of disintegration (11/24)
 O - a wand of scattershot (1/9)
 P - a wand of paralysis (14/24)
 Q - a wand of iceblast (4/15)
 W - a wand of flame (10/48)
 Z - a wand of iceblast (9/15)
Scrolls
 a - a scroll of summoning
 f - a scroll of fear {unknown}
 h - 10 scrolls of identify
 j - 4 scrolls of teleportation
 n - 9 scrolls of remove curse
 o - 4 scrolls of enchant armour
 w - 3 scrolls of blinking
 E - 5 scrolls of fog
 F - 3 scrolls of recharging
 N - 2 scrolls of immolation
 U - 2 scrolls of magic mapping
 X - 4 scrolls of enchant weapon
Potions
 b - 3 potions of ambrosia
 g - a potion of magic
 i - 7 potions of flight
 k - 4 potions of agility
 m - 9 potions of curing
 q - 2 potions of resistance
 u - 3 potions of haste
 D - a potion of might
 G - a potion of heal wounds
 H - a potion of invisibility
Miscellaneous
 M - a lamp of fire
 S - a phantom mirror
Comestibles
 c - 6 bread rations
 l - 15 meat rations
 r - 9 royal jellies
 s - 40 fruits


   Skills:
 + Level 15.0 Fighting
 + Level 21.5 Axes
 + Level 15.2 Armour
 + Level 5.2 Dodging
 + Level 2.0 Stealth
 + Level 0.3 Evocations


You had 14 spell levels left.
You didn't know any spells.

Dungeon Overview and Level Annotations

Branches:
Dungeon (12/15)            Temple (0/1) D:7            Lair (6/6) D:11
 Shoals (1/4) Lair:2       Spider (2/4) Lair:3        Slime (1/5) Lair:5
    Orc (0/2) D:12

Altars:
Fedhas
Zin

Shops:
D:4 *   D:6 %   D:12 ?

Portals:
Trove: D:10 (give 2 scrolls of acquirement)


Innate Abilities, Weirdness & Mutations

You reflexively headbutt those who attack you in melee.
You have a pair of horns on your head.
You have supernaturally acute eyesight. (SInv)
You are agile. (Dex +2)


Message History

The tarantella bites you but does no damage.
The wolf spider hits you but does no damage.
The wolf spider bites you but does no damage.
The wolf spider hits you!
* * * LOW HITPOINT WARNING * * *
The wolf spider bites you but does no damage.
The tarantella bites you but does no damage.
Unknown command.
As you read the scroll of teleportation, it crumbles to dust.
You feel strangely unstable.
The wolf spider hits you but does no damage.
The wolf spider bites you but does no damage.
The tarantella bites you but does no damage.
The wolf spider hits you but does no damage.
The wolf spider bites you but does no damage.
The wolf spider completely misses you. You furiously retaliate!
You headbutt the wolf spider. The wolf spider bites you!
* * * LOW HITPOINT WARNING * * *
The wolf spider hits you!
You die...

...######..##..##..#
....#.#..#.#......# .
..#.#...#....###..#
#≈###...#..####..#.#..#
##...#..#.†#.#...#...##
#..#^...#...#..#.#..##^
#.....#...#..#.##††%.
#.#.s#..#..#...†)#..
#s@sys.#..#.#..[†##
#...#s..#..#...#...#
#..#####....##...##.##
#. #.............>.# #
#..####s..#######
....≈.........
..####...##...# # #
s...#..###..#..
#...#...###^..#


You could see 2 wolf spiders, a moth of wrath, 2 jumping spiders and 2
tarantellas.

Vanquished Creatures
  Donald (Spider:1)
  Erolcha (D:10)
  A catoblepas (Lair:6)
  Fannar (Lair:2)
  10 hydras
  The ghost of Alethiolet the Envoy of Void, a journeyman DsAK of Lugonu (D:11)
  6 death yaks
  A two-headed ogre (D:12)
  The ghost of Vyse the Cudgeler, a novice DrFi (Lair:1)
  3 skeletal warriors (D:12)
  A lindwurm (Lair:6)
  7 wolf spiders
  2 orb spiders
  An ugly thing (D:11)
  3 oklob plants
  2 manticores (Lair:6)
  2 elephants (Lair:6)
  4 black mambas
  A merfolk siren (Lair:2)
  22 spiny frogs
  2 gargoyles (D:11)
  A torpor snail (Lair:6)
  5 komodo dragons
  2 rime drakes (Lair:6)
  5 demonic crawlers (Spider:1)
  A kobold demonologist (D:12)
  3 trolls
  9 polar bears (Lair:6)
  17 jumping spiders
  A raiju (Lair:6)
  8 dream sheep (Lair:6)
  11 hippogriffs
  26 blink frogs
  4 slime creatures (D:12)
  28 redbacks
  38 yaks
  9 tarantellas
  2 wyverns
  A hungry ghost (D:10)
  2 basilisks
  6 wargs (Lair:6)
  Menkaure (D:5)
  11 water moccasins
  10 porcupines
  5 orc warriors
  14 hell hounds (Lair:6)
  10 ice beasts
  13 black bears
  A necrophage (D:9)
  2 phantoms
  3 sky beasts
  22 wolves
  7 ogres
  9 centaurs
  10 crocodiles
  2 big kobolds (D:11)
  9 bullfrogs
  A wyvern zombie (D:11)
  3 scorpions
  5 killer bees (D:7)
  3 wights (D:8)
  2 electric eels (Lair:4)
  11 howler monkeys
  7 crimson imps
  3 bullfrog zombies
  A quasit (D:8)
  5 orc priests
  8 hounds
  3 bullfrog skeletons
  2 jellies
  Crazy Yiuf (D:7)
  14 orc wizards
  2 centaur skeletons
  Jessica (D:2)
  3 iguanas
  9 worker ants
  A hound zombie (D:7)
  A hound skeleton (D:7)
  A worker ant zombie (D:7)
  15 adders
  4 river rats (D:4)
  A shadow imp (D:11)
  An ooze (D:2)
  An adder skeleton (D:4)
  8 worms
  5 dart slugs
  8 leopard geckos
  35 orcs
  6 bats
  10 giant cockroaches
  7 hobgoblins
  5 jackals
  8 quokkas
  4 ball pythons
  8 frilled lizards
  7 goblins
  A jackal skeleton (D:4)
  11 kobolds
  8 rats
  2 bushes (Lair:3)
  11 fungi
  53 plants
687 creatures vanquished.

Vanquished Creatures (collateral kills)
  A hydra (D:12)
  A wolf spider (Spider:1)
  An orb spider (Spider:2)
  A demonic crawler (Spider:2)
  2 jumping spiders
  2 dream sheep (Lair:6)
  7 redbacks
  3 tarantellas
18 creatures vanquished.

Vanquished Creatures (others)
  A redback (Spider:2)
  6 fungi (Lair:6)
  19 plants
26 creatures vanquished.

Grand Total: 731 creatures vanquished

Notes
Turn   | Place    | Note
-------+----------+-------------------------------------------
     0 | D:1      | jamesptran96 the Minotaur Berserker began the quest for the Orb.
     0 | D:1      | Reached XP level 1. HP: 19/19 MP: 0/0
   214 | D:1      | Reached XP level 2. HP: 26/27 MP: 1/1
  1147 | D:2      | Noticed Jessica
  1151 | D:2      | Reached XP level 3. HP: 32/33 MP: 2/2
  1159 | D:2      | Killed Jessica
  1159 | D:2      | Reached skill level 4 in Axes
  1159 | D:2      | Reached ** piety under Trog
  1360 | D:2      | Reached XP level 4. HP: 28/41 MP: 3/3
  2221 | D:3      | Reached skill level 5 in Axes
  2385 | D:3      | Reached XP level 5. HP: 47/47 MP: 4/4
  2600 | D:3      | Reached *** piety under Trog
  2698 | D:4      | Found Solae's General Store.
  2705 | D:4      | Noticed a phantom
  2707 | D:4      | Bought a scroll of teleportation for 39 gold pieces
  2820 | D:4      | Killed a phantom
  2829 | D:4      | Reached XP level 6. HP: 25/55 MP: 5/5
  3092 | D:4      | Reached skill level 6 in Axes
  3097 | D:4      | Reached skill level 5 in Fighting
  3385 | D:4      | Reached skill level 7 in Axes
  3506 | D:4      | Reached XP level 7. HP: 47/61 MP: 6/6
  3862 | D:5      | Entered Level 5 of the Dungeon
  3920 | D:5      | Reached **** piety under Trog
  4144 | D:5      | Noticed Menkaure
  4149 | D:5      | Killed Menkaure
  4149 | D:5      | Reached skill level 5 in Armour
  4651 | D:6      | Found Woyqogoo's Food Shop.
  4663 | D:6      | Reached skill level 8 in Axes
  4830 | D:6      | Reached XP level 8. HP: 54/70 MP: 7/7
  5462 | D:7      | Reached skill level 9 in Axes
  5710 | D:7      | Found a runed door.
  5714 | D:7      | Noticed Crazy Yiuf
  5718 | D:7      | Killed Crazy Yiuf
  6197 | D:7      | Found a staircase to the Ecumenical Temple.
  6216 | D:7      | Reached skill level 10 in Axes
  6271 | D:7      | Reached XP level 9. HP: 79/79 MP: 8/8
  6533 | D:8      | Reached ***** piety under Trog
  6999 | D:8      | Reached skill level 11 in Axes
  7303 | D:9      | Noticed a troll
  7308 | D:9      | Killed a troll
  7550 | D:9      | Reached skill level 12 in Axes
  7550 | D:9      | Reached skill level 1 in Stealth
  7745 | D:9      | Received a gift from Trog
  8068 | D:9      | Reached XP level 10. HP: 89/89 MP: 9/9
  8329 | D:10     | Entered Level 10 of the Dungeon
  8692 | D:10     | Found a portal to a secret trove of treasure.
  8811 | D:10     | Reached skill level 13 in Axes
  8924 | D:10     | Noticed Erolcha
  8936 | D:10     | Killed Erolcha
  9185 | D:10     | Reached skill level 10 in Armour
  9452 | D:11     | Noticed a green ugly thing
  9455 | D:11     | Noticed Alethiolet's ghost (journeyman DsAK)
  9476 | D:11     | Killed a green ugly thing
  9492 | D:11     | Killed Alethiolet's ghost
  9492 | D:11     | Reached skill level 14 in Axes
  9492 | D:11     | Reached XP level 11. HP: 49/98 MP: 10/10
 10006 | D:11     | Reached skill level 10 in Fighting
 10258 | D:11     | Found a staircase to the Lair.
 10260 | D:11     | Noticed a death yak
 10261 | D:11     | Noticed a death yak
 10269 | D:11     | Noticed a death yak
 10279 | D:11     | Killed a death yak
 10287 | D:11     | Killed a death yak
 10291 | D:11     | Killed a death yak
 10291 | D:11     | Reached skill level 15 in Axes
 11106 | D:11     | Found a blossoming altar of Fedhas.
 11168 | D:12     | Noticed a skeletal warrior
 11168 | D:12     | Noticed a skeletal warrior
 11168 | D:12     | Noticed a skeletal warrior
 11180 | D:12     | Found Waell's Magic Scroll Shop.
 11338 | D:12     | Found a staircase to the Orcish Mines.
 11585 | D:12     | Received a gift from Trog
 11615 | D:12     | Got a transparent executioner's axe {god gift}
 11617 | D:12     | Identified the +6 executioner's axe of Inflation {flame, Int+4} (Trog gifted it to you on level 12 of the Dungeon)
 11629 | D:12     | Killed a skeletal warrior
 11631 | D:12     | Killed a skeletal warrior
 11640 | D:12     | Killed a skeletal warrior
 11646 | D:12     | Noticed a five-headed hydra
 11649 | D:12     | Killed a five-headed hydra
 11932 | D:12     | Noticed a two-headed ogre
 11952 | D:12     | Killed a two-headed ogre
 11952 | D:12     | Reached XP level 12. HP: 109/109 MP: 11/11
 12045 | D:12     | Reached skill level 16 in Axes
 12591 | Lair:1   | Entered Level 1 of the Lair of Beasts
 12922 | Lair:1   | Noticed Vyse's ghost (novice DrFi)
 12933 | Lair:1   | Killed Vyse's ghost
 12933 | Lair:1   | Reached skill level 17 in Axes
 13222 | Lair:1   | Gained mutation: You are agile. (Dex +2) [potion of mutation]
 13222 | Lair:1   | Gained mutation: You have supernaturally acute eyesight. (SInv) [potion of mutation]
 13316 | Lair:1   | Received a gift from Trog
 13526 | Lair:1   | Found a glowing silver altar of Zin.
 14386 | Lair:2   | Noticed a five-headed hydra
 14389 | Lair:2   | Noticed Fannar
 14397 | Lair:2   | Killed a one-headed hydra
 14402 | Lair:2   | Killed Fannar
 14402 | Lair:2   | Reached XP level 13. HP: 118/118 MP: 12/12
 14598 | Lair:2   | Reached skill level 18 in Axes
 14680 | Lair:2   | Found a staircase to the Shoals.
 15219 | Lair:3   | Found a hole to the Spider Nest.
 17211 | Lair:4   | Reached skill level 5 in Dodging
 17758 | Lair:5   | Found a staircase to the Slime Pits.
 18582 | Lair:6   | Entered Level 6 of the Lair of Beasts
 18590 | Lair:6   | Reached skill level 19 in Axes
 19287 | Lair:6   | Reached XP level 14. HP: 123/129 MP: 13/13
 19696 | Lair:6   | Reached ****** piety under Trog
 19932 | Lair:6   | Received a gift from Trog
 19952 | Lair:6   | Reached skill level 20 in Axes
 21833 | Slime:1  | Entered Level 1 of the Pits of Slime
 21833 | Slime:1  | Noticed an acid blob
 21834 | Slime:1  | Noticed an azure jelly
 21844 | Slime:1  | Noticed an acid blob
 22199 | Shoals:1 | Entered Level 1 of the Shoals
 22287 | Spider:1 | Entered Level 1 of the Spider Nest
 22477 | Spider:1 | Reached skill level 21 in Axes
 22484 | Spider:1 | Reached skill level 15 in Armour
 22484 | Spider:1 | Received a gift from Trog
 22495 | Spider:2 | Noticed an entropy weaver
 22925 | Spider:2 | Reached XP level 15. HP: 97/139 MP: 14/14
 23089 | Spider:1 | Noticed Donald
 23103 | Spider:1 | Killed Donald
 23167 | Spider:1 | Reached skill level 15 in Fighting
 23333 | Spider:1 | HP: 7/141 [tarantella (4)]
 23337 | Spider:1 | Slain by a wolf spider

Skill      XL: |  1  2  3  4  5  6  7  8  9 10 11 12 13 14 15 |
---------------+----------------------------------------------+-----
Fighting       | 4 5 6 7 8 9 11 12 13 14 15 | 15.0
Axes           | 4 5 7 8 10 12 14 15 17 19 21 | 21.5
Dodging        | 3 4 5 |  5.2
Armour         | 3 4 5 7 8 10 11 13 14 15 | 15.2
Stealth        | 1 2 |  2.0
Evocations     | |  0.3

Action                   |  1- 3 |  4- 6 |  7- 9 | 10-12 | 13-15 || total
-------------------------+-------+-------+-------+-------+-------++-------
Melee: Hand axe          |    64 |   142 |   275 |       |       ||   481
       Headbutt          |     6 |    18 |    69 |    93 |   119 ||   305
       Battleaxe         |       |       |    66 |   287 |       ||   353
       Great sword       |       |       |     1 |       |       ||     1
       Executioner's axe |       |       |       |   179 |   585 ||   764
Invok: Berserk           |     1 |       |     7 |    10 |    15 ||    33
       Burn Spellbooks   |       |     1 |       |     1 |     3 ||     5
       Brothers in Arms  |       |       |       |     1 |     6 ||     7
Evoke: Wand              |       |       |       |       |     3 ||     3
  Use: Scroll            |       |       |     2 |     7 |    15 ||    24
       Potion            |       |       |       |    10 |    12 ||    22
 Stab: Distracted        |       |       |       |       |     1 ||     1
       Invisible         |       |       |       |       |     3 ||     3
  Eat: Chunk             |     2 |     7 |    34 |    31 |    35 ||   109
       Meat ration       |       |       |       |     1 |     1 ||     2
       Bread ration      |       |       |       |     1 |       ||     1
Armor: Animal skin       |     4 |       |       |       |       ||     4
       Leather armour    |    16 |     5 |       |       |       ||    21
       Ring mail         |       |     8 |       |       |       ||     8
       Plate armour      |       |    41 |   188 |   238 |   631 ||  1098
       Chain mail        |       |       |       |    10 |       ||    10
       Skin              |       |       |       |     1 |       ||     1
       Crystal plate arm |       |       |       |       |    93 ||    93
Dodge: Dodged            |    47 |    77 |   132 |   183 |   447 ||   886
       Rpst.: Great sword |       |       |     1 |       |       ||     1
